 Dungeon Crawl Stone Soup version 0.20-a0-1089-g3fde505 (webtiles) character file.

150 wolfsongas the Ruffian (level 5, -1/42 (46) HPs)
             Began as a Ghoul Abyssal Knight on May 3, 2017.
             Was a Believer of Lugonu.
             Slain by marshmellons's ghost (5 damage)
             ... on level 3 of the Dungeon on May 5, 2017.
             The game lasted 00:07:11 (2601 turns).

wolfsongas the Ruffian (Ghoul Abyssal Knight)       Turns: 2601, Time: 00:07:11

HP:   -1/42 (46)    AC:  7    Str: 15 (17) XL:     5   Next: 32%
MP:   5/5           EV: 11    Int:  6 (7)  God:    Lugonu [**....]
Gold: 71            SH:  0    Dex:  6 (8)  Spells: 4/4 levels left

rFire    . . .     SeeInvis .   b - +2 quarterstaff (chaos)
rCold    + + .     Gourm    .   (shield currently unavailable)
rNeg     + + +     Faith    .   a - +0 leather armour
rPois    ∞         Spirit   .   e - +0 helmet
rElec    .         Reflect  .   h - +2 cloak {MR+}
rCorr    .         Harm     .   (no gloves)
MR       +....                  (no boots)
Stlth    +.........             (no amulet)
Regen    0.0/turn               g - ring of protection from cold
MPRegen  0.1/turn               (no ring)

@: rotting
A: rotting body, claws 1, carnivore 3, cold resistance 1, negative energy
resistance 3, inhibited regeneration, torment resistance, unbreathing
a: Depart the Abyss, Bend Space, Renounce Religion


You were on level 3 of the Dungeon.
You worshipped Lugonu.
Lugonu was pleased with you.
You were not hungry.

You visited 1 branch of the dungeon, and saw 3 of its levels.
You visited the Abyss 1 time.

You collected 71 gold pieces.

Inventory:

Hand Weapons
 b - a +2 quarterstaff of chaos (weapon)
 i - a +1 mace of draining
 j - a -2 short sword
Armour
 a - a +0 leather armour (worn)
 e - a +0 helmet (worn)
 h - a +2 cloak of magic resistance (worn)
Jewellery
 g - a ring of protection from cold (left claw)
Scrolls
 c - 3 scrolls of remove curse
 d - 2 scrolls of teleportation
 f - a scroll of identify


   Skills:
 - Level 4.0 Fighting
 * Level 0.8 Staves
 - Level 2.2 Armour
 - Level 1.0 Dodging
 - Level 0.2 Stealth
 - Level 4.7 Unarmed Combat
 - Level 2.2 Invocations


You had 4 spell levels left.
You didn't know any spells.

Dungeon Overview and Level Annotations

Branches:
Dungeon (3/15)

Altars:
Fedhas
Uskayaw
Vehumet
The Shining One

Annotations:
D:3 marshmellons's ghost, amateur GnSk


Innate Abilities, Weirdness & Mutations

Your body is rotting away.
You thrive on raw meat.
You are immune to poison.
You have sharp fingernails.
You are carnivorous and can eat meat at any time.
Your flesh is cold resistant. (rC+)
You are immune to negative energy. (rN+++)
You do not regenerate when monsters are visible.
You are immune to unholy pain and torment.
You can survive without breathing.


Message History

Marshmellons's ghost is lightly damaged.
Marshmellons's ghost hits you. x2
You hit marshmellons's ghost but do no damage.
Marshmellons's ghost flickers and vanishes!
Deactivating autopickup; reactivate with Ctrl-A.
The bat barely misses you. Something hits you but does no damage.
You barely miss something. The bat hits you. Something hits you.
You closely miss something. The bat barely misses you. Something hits you!
Something hits you but does no damage.
You closely miss something. The bat barely misses you.
Something hits you but does no damage.
You hit something but do no damage. The bat misses you.
The bat barely misses you. Something hits you!
* * * LOW HITPOINT WARNING * * *
You hit something but do no damage. Lightning courses through something!
The bat closely misses you. Something hits you but does no damage.
The bat hits you but does no damage.
You hit something but do no damage. The bat barely misses you.
Something hits you.
You die...

.#........ #.# .#.........
#.# ........... #.#
............ #.#
............##.###
.......... ......#######
##.##########.....(....#
#.# #..............# #.#
###.......@{.....# #.#
#..†.............##########
#.#
#.####.....b........<......
##.####.#
#...........##########
#.......# #..##......#<#
##.###### #..##......#.#
...# ...##......#.# #..#
.##.##......#.# ##)# #
#.##...(..#.#


You could see a bat.

Vanquished Creatures
  Crazy Yiuf (D:3)
  A gnoll (D:1)
  4 adders
  A worm (D:3)
  3 leopard geckos
  An orc (D:3)
  3 giant cockroaches
  15 goblins
  9 hobgoblins
  7 jackals
  6 kobolds
  2 quokkas
  5 bats
  5 frilled lizards
  4 rats
  A fungus (D:3)
68 creatures vanquished.

Notes
Turn   | Place    | Note
-------+----------+-------------------------------------------
     0 | Abyss:1  | wolfsongas the Ghoul Abyssal Knight began the quest for the Orb.
     0 | Abyss:1  | Reached XP level 1. HP: 19/19 MP: 1/1
     2 | D:1      | Escaped the Abyss
   223 | D:1      | Reached XP level 2. HP: 16/26 MP: 2/2
   512 | D:1      | Reached * piety under Lugonu
   598 | D:1      | Reached XP level 3. HP: 21/32 MP: 3/3
  1128 | D:2      | Reached skill level 1 in Dodging
  1217 | D:2      | Reached XP level 4. HP: 30/35 MP: 4/4
  1307 | D:2      | Found a glowing golden altar of the Shining One.
  2058 | D:3      | Reached ** piety under Lugonu
  2133 | D:3      | Found a runed door.
  2137 | D:3      | Noticed Crazy Yiuf
  2145 | D:3      | Killed Crazy Yiuf
  2145 | D:3      | Reached XP level 5. HP: 5/45 MP: 0/5
  2437 | D:3      | Found a radiant altar of Vehumet.
  2438 | D:3      | Found a hide-covered altar of Uskayaw.
  2549 | D:3      | Found a blossoming altar of Fedhas.
  2588 | D:3      | Noticed marshmellons's ghost (amateur GnSk)
  2601 | D:3      | Slain by marshmellons's ghost

Vault maps used:
D:1:      dpeg_arrival_arbitrary_c
D:2:      lemuel_round_altar, minmay_split_cup_small
D:3:      marbit_many_paths, gammafunk_temple_overflow_pools, first_bread,
          trog_hazing_becter, uniq_crazy_yiuf_cottage, uniq_natasha

Skill      XL: |  1  2  3  4 |
---------------+-------------+-----
Armour         | 2 |  2.2
Unarmed Combat | 3 4 |  4.7
Dodging        | 1 |  1.0
Fighting       | 4 |  4.0
Staves         | |  0.8
Stealth        | |  0.2
Invocations    | |  2.2

Action                   |  1- 3 |  4- 6 || total
-------------------------+-------+-------++-------
Melee: Unarmed           |   142 |    96 ||   238
       Punch             |     2 |       ||     2
       Quarterstaff      |       |    28 ||    28
Invok: Depart the Abyss  |     1 |       ||     1
  Use: Scroll            |     5 |     6 ||    11
       Potion            |     3 |     1 ||     4
  Eat: Meat ration       |     1 |     1 ||     2
       Chunk             |       |     8 ||     8
Armor: Leather armour    |    58 |    39 ||    97
Dodge: Dodged            |    90 |    63 ||   153
